 Dungeon Crawl Stone Soup version 0.28.0-53-g5a82cb258f (webtiles) character file.

Game seed: 7064223479691380028

1254 enile the Digger (level 8, 0/64 HPs)
             Began as a Formicid Earth Elementalist on May 30, 2022.
             Was a Believer of the Shining One.
             Slain by Duvessa
             ... wielding a +1 short sword of protection
              (12 damage)
             ... on level 6 of the Dungeon.
             The game lasted 00:08:39 (6726 turns).

enile the Digger (Formicid Earth Elementalist)      Turns: 6726, Time: 00:08:40

Health: 0/64       AC:  5    Str: 14    XL:     8   Next: 80%
Magic:  16/20      EV: 13    Int: 16    God:    the Shining One [**....]
Gold:   208        SH:  8    Dex: 11    Spells: 8/11 levels left

rFire   . . .      SeeInvis +   p - +3 arbalest (freeze)
rCold   . . .      Faith    .   (no shield)
rNeg    + . .      Spirit   .   f - +2 leather armour {rPois}
rPois   +          Reflect  .   (helmet unavailable)
rElec   .          Harm     .   k - scarf {shadows}
rCorr   .          Rampage  .   (no gloves)
Will    .....                   (no boots)
Stlth   +.........              (no amulet)
HPRegen 0.20/turn               s - ring of flight
MPRegen 0.17/turn               l - ring of magical power

@: divinely shielded, flying, glowing
A: permanent stasis, dig shafts and tunnels, antennae 3, four strong arms,
subdued magic 1, MP-powered wands
a: Dig, Shaft Self, Renounce Religion, Divine Shield


You were on level 6 of the Dungeon.
You worshipped the Shining One.
The Shining One was pleased with you.
You visited 1 branch of the dungeon, and saw 6 of its levels.
You also visited: Sewer.

You collected 388 gold pieces.
You spent 180 gold pieces at shops.

Inventory:

Hand Weapons
 d - a +2 dagger of venom
 g - a +2 short sword of draining
 p - a +3 arbalest of freezing (weapon)
Missiles
 c - 175 stones
 r - 4 bolts (quivered ammo)
Armour
 b - a +0 robe
 f - a +2 leather armour of poison resistance (worn)
 k - a scarf of shadows (worn)
Jewellery
 l - a ring of magical power (right hand)
 s - a ring of flight (left hand)
Wands
 e - a wand of iceblast (9)
 w - a wand of digging (8)
Scrolls
 a - a scroll of enchant armour
 h - a scroll of teleportation
 i - a scroll of noise
 m - a scroll of blinking {unknown}
 n - a scroll of holy word
 t - a scroll of enchant weapon {unknown}
Potions
 j - a potion of flight {unknown}
 o - a potion of invisibility {unknown}
 q - 2 potions of berserk rage
 u - a potion of mutation
 v - a potion of attraction {unknown}


   Skills:
 - Level 6.0 Fighting
 - Level 2.0 Armour
 - Level 5.0 Dodging
 - Level 3.0 Stealth
 - Level 2.3 Spellcasting
 - Level 1.3 Transmutations
 - Level 6.0 Earth Magic
 + Level 4.8 Invocations


You had 8 spell levels left.
You knew the following spells:

 Your Spells              Type           Power      Damage    Failure   Level
a - Sandblast             Erth           32%        2d9       1%          1
b - Passwall              Tmut/Erth      8%         N/A       7%          2

Your spell library contained the following spells:

 Spells                   Type           Power      Damage    Failure   Level
 Stone Arrow              Conj/Erth      16%        3d8       19%         3
 Static Discharge         Conj/Air       1%         N/A       32%         2
 Petrify                  Tmut/Erth      10%        N/A       43%         4
 Gell's Gravitas          Tloc           1%         N/A       54%         3
 Lesser Beckoning         Tloc           1%         N/A       54%         3
 Teleport Other           Tloc           1%         N/A       54%         3
 Dispel Undead            Necr           1%         3d6       92%         4
 Sticky Flame             Conj/Fire      1%         2d3       92%         4


Dungeon Overview and Level Annotations

Branches:
Dungeon (6/15)             Temple (0/1) D:4           Sewer (visited)

Altars:
Dithmenos
Hepliaklqana
Makhleb
Qazlal
The Shining One

Shops:
D:3 *[([

Annotations:
D:6 Dowan, Duvessa


Innate Abilities, Weirdness & Mutations

You cannot be hasted, slowed, berserked, paralysed or teleported.
You can dig through walls and to a lower floor.
You have a pair of large antennae on your head. (SInv)
Your four strong arms can wield two-handed weapons with a shield.
Your spells are a little easier to cast, but a little less powerful.
You expend magic power (3 MP) to strengthen your wands.


Message History

You shoot a bolt. The bolt hits Duvessa.
The bolt freezes Duvessa.
Duvessa is heavily wounded.
Duvessa hits you with a +1 short sword of protection!
Duvessa barely misses you. Dowan casts a spell at you.
The puff of frost hits you.
Duvessa hits you with a +1 short sword of protection!
Dowan says, "Magic and the sword, together, will defeat you."
A divine shield forms around you! You block Duvessa's attack.
Duvessa hits you with a +1 short sword of protection.
Casting: Sandblast (safe; 1% risk of failure)
Confirm with . or Enter, or press ? or * to list all spells.
Aiming: Sandblast (safe; 1% risk of failure)
Press: ? - help, Shift-Dir - straight line, f/p - Duvessa
Aim: Duvessa, wielding a +1 short sword of protection and wearing a +0 scale mail (heavily wounded, fast, haloed, 89% to hit)
The blast of sand hits Duvessa but does no damage.
Duvessa is heavily wounded.
Duvessa hits you with a +1 short sword of protection.
Aiming: Sandblast (safe; 1% risk of failure)
Press: ? - help, Q - select action, (/) - cycle Shift-Dir - straight line, f/p - Duvessa
Aim: Duvessa, wielding a +1 short sword of protection and wearing a +0 scale mail (heavily wounded, fast, haloed, 89% to hit)
The blast of sand hits Duvessa but does no damage.
Duvessa is heavily wounded.
Duvessa barely misses you.
Duvessa hits you with a +1 short sword of protection.
Fire: 5 bolts
Press: ? - help, Q - select action, (/) - cycle Shift-Dir - straight line, f/p - Duvessa
Aim: Duvessa, wielding a +1 short sword of protection and wearing a +0 scale mail (heavily wounded, fast, haloed, 87% to hit)
You shoot a bolt. The bolt hits Duvessa!
The bolt freezes Duvessa.
Duvessa is almost dead.
Duvessa closely misses you.
Duvessa hits you with a +1 short sword of protection!
* * * LOW HITPOINT WARNING * * *
Okay, then.
It was a potion of mutation.
You feel extremely strange.
You feel less energetic.
Your connection to magic feels subdued.
You feel your magical essence link to the dungeon's wands.
You feel more energetic.
Duvessa hits you with a +1 short sword of protection!
You die...

.....##....#
.....##.#..###
.#......#.....
.....##.......
.....##..#.###
...........##
######......#
###
#...##.##....
###.@e....#
####e##.#
.e.(.((#
########


You could see Duvessa (fast) and Dowan.

Vanquished Creatures
  Grinder (D:5)
  A water moccasin (Sewer)
  A necrophage (D:5)
  A black bear (D:5)
  An ice beast (D:5)
  A centaur (D:5)
  2 scorpions (D:5)
  A bullfrog zombie (D:5)
  A jelly (D:4)
  3 hounds
  Crazy Yiuf (D:4)
  An iguana (D:5)
  A scorpion zombie (D:5)
  Natasha (twice) (D:3)
  8 adders
  2 howler monkey skeletons (D:5)
  4 worms
  2 dart slugs
  4 orcs
  13 ball pythons
  6 endoplasms
  2 giant cockroaches
  12 goblins
  8 hobgoblins
  2 jackals (D:2)
  17 bats
  5 frilled lizards
  9 kobolds
  8 rats
120 creatures vanquished.

Vanquished Creatures (others)
  3 plants (D:3)
3 creatures vanquished.

Grand Total: 123 creatures vanquished

Notes
Turn   | Place    | Note
-------+----------+-------------------------------------------
     0 | D:1      | enile the Formicid Earth Elementalist began the quest for
                  | the Orb.
     0 | D:1      | Reached XP level 1. HP: 13/13 MP: 3/3
   212 | D:1      | Reached XP level 2. HP: 19/19 MP: 5/5
   377 | D:1      | Found a faded altar of an unknown god.
   379 | D:1      | Reached skill level 1 in Fighting
   397 | D:1      | Prayed at the altar of an unknown god.
   397 | D:1      | Became a worshipper of the Shining One
   397 | D:1      | Reached * piety under the Shining One
   992 | D:1      | Reached XP level 3. HP: 26/27 MP: 6/6
  1203 | D:2      | Learned a level 2 spell: Passwall
  1549 | D:2      | Reached XP level 4. HP: 28/33 MP: 1/7
  2227 | D:2      | Reached XP level 5. HP: 38/41 MP: 6/8
  2308 | D:2      | Reached skill level 1 in Invocations
  2399 | D:2      | Found a stormy altar of Qazlal.
  2842 | D:3      | Found Nol Coc's Armour Shop.
  3257 | D:3      | Found Veoteak's Armour Shop.
  3301 | D:3      | Found Ushanec's Assorted Antiques.
  3317 | D:3      | Bought a scroll labelled JOETHO ZAXECH for 19 gold pieces
  3317 | D:3      | Bought a scroll labelled ODAHUME OLAU for 19 gold pieces
  3510 | D:3      | Noticed Natasha
  3520 | D:3      | Killed Natasha
  3715 | D:3      | Noticed Natasha
  3723 | D:3      | Killed Natasha
  3734 | D:3      | Found Cisaf's Antique Weapon Emporium.
  4051 | D:4      | Reached XP level 6. HP: 47/47 MP: 9/9
  4095 | D:4      | Reached skill level 5 in Earth Magic
  4161 | D:4      | Reached ** piety under the Shining One
  4245 | D:4      | Found a staircase to the Ecumenical Temple.
  4630 | D:4      | Found a runed translucent door.
  4631 | D:4      | Noticed Crazy Yiuf
  4970 | D:4      | Killed Crazy Yiuf
  5098 | D:5      | Entered Level 5 of the Dungeon
  5098 | D:5      | Noticed an ice beast
  5102 | D:5      | Reached XP level 7. HP: 55/55 MP: 10/10
  5115 | D:5      | Reached skill level 5 in Fighting
  5427 | D:5      | Found a hazy altar of Hepliaklqana.
  5428 | D:5      | Found a shadowy altar of Dithmenos.
  5428 | D:5      | Found a burning altar of Makhleb.
  5429 | D:5      | Noticed Grinder
  5447 | D:5      | Killed Grinder
  5486 | D:5      | Reached XP level 8. HP: 56/64 MP: 11/11
  5505 | D:5      | Found a glowing drain.
  5513 | Sewer    | Entered a sewer
  6047 | D:5      | Reached skill level 5 in Dodging
  6131 | D:3      | Bought a glowing arbalest for 142 gold pieces
  6715 | D:6      | Noticed Duvessa
  6715 | D:6      | Noticed Dowan
  6726 | D:6      | Gained mutation: Your magical capacity is low. (-10% MP)
                  | [potion of mutation]
  6726 | D:6      | Gained mutation: Your spells are a little easier to cast,
                  | but a little less powerful. [potion of mutation]
  6726 | D:6      | Gained mutation: You expend magic power (3 MP) to
                  | strengthen your wands. [potion of mutation]
  6726 | D:6      | Lost mutation: Your magical capacity is low. (-10% MP)
                  | [potion of mutation]
  6726 | D:6      | Slain by Duvessa

Illustrated notes

Levels and vault maps discovered:
D:1:      scummos_arrival_simple_fountains, layout_basic,
          shapermc_ecumenical_altar_starsandcircs
D:2:      wad_river_or_something, layout_loops_corners, basic_altar,
          kennysheep_generic_room_10
D:3:      layout_loops_ring, serial_shops, shop, nicolae_shop_advertising_works
          [nicolae_subvault_shop_adworks], shop_coins, shop,
          minmay_misc_feat_secret_circle, serial_bayou_ford_a, uniq_natasha
D:4:      layout_basic, minmay_temple_entry_statues_fountains,
          amethyst_killhole, minivault_25, uniq_crazy_yiuf_cottage
D:5:      layout_loops_ring, chequers_temple_overflow_statue_of_worship,
          portal_sewer_entry_e, uniq_grinder
D:6:      layout_loops_cross, minmay_circle_x, uniq_duvessa

Skill      XL: |  1  2  3  4  5  6  7  8 |
---------------+-------------------------+-----
Fighting       | 1 2 3 4 5 6 |  6.0
Dodging        | 2 3 5 |  5.0
Invocations    | 3 4 |  4.8
Earth Magic    | 4 5 6 |  6.0
Armour         | 2 |  2.0
Stealth        | 3 |  3.0
Spellcasting   | |  2.3
Transmutations | |  1.3

Action                   |  1- 3 |  4- 6 |  7- 9 || total
-------------------------+-------+-------+-------++-------
Melee: Dagger            |    67 |   141 |    80 ||   288
       Punch             |     2 |     1 |     1 ||     4
 Fire: Arbalest          |       |       |    16 ||    16
 Cast: Sandblast         |    13 |    19 |    21 ||    53
Invok: Divine Shield     |       |       |     2 ||     2
 Abil: Dig               |     2 |       |       ||     2
  Use: Scroll            |       |     9 |     2 ||    11
       Potion            |       |     2 |     1 ||     3
Armor: Robe              |     1 |       |       ||     1
       Leather armour    |    24 |    43 |    32 ||    99
       Skin              |       |     3 |       ||     3
Dodge: Dodged            |    40 |    81 |    75 ||   196
Block: Other             |       |       |     4 ||     4
